[Event "AUT Bundesliga Women 2021-22"]
[Site "Austria"]
[Date "2022.01.23"]
[Round "4.15"]
[White "Zoehrer, Sarah"]
[Black "Mattersberger, Melanie"]
[Result "1/2-1/2"]
[ECO "A47"]
[WhiteElo "1650"]
[BlackElo "1752"]
[Annotator "NA RC"]
[PlyCount "63"]
[EventDate "2021.11.06"]
[EventType "team-tourn"]
[EventCountry "AUT"]
[SourceTitle "playchess.com"]
[Source "ChessBase"]
[SourceQuality "1"]
[TimeControl "40/5400+30:1800+30"]

1. d4 Nf6 2. Nf3 e6 3. Bf4 b6 4. e3 Bb7 5. Be2 Be7 6. O-O d6 7. c4 Nh5 8. Bg3 Nxg3 9. fxg3 Nd7 10. Nc3 O-O 11. Qd3 c5 12. d5 e5 13. e4 Bc8 14. h3 h6 15. Nd1 Nf6 16. Nh4 g6 17. Nf3 Nh5 18. Nh2 Nf6 19. Ne3 Kg7 20. Rf2 Nh7 21. Raf1 Rb8 22. Neg4 h5 23. Ne3 Bg5 24. Nf3 Bh6 25. Nc2 Ng5 26. Nxg5 Qxg5 27. Rf6 Rb7 28. h4 Qxf6 29. Rxf6 Kxf6 30. Ne1 Kg7 31. Nf3 f5 32. Ng5 1/2-1/2

[Event "AUT Bundesliga Women 2021-22"]
[Site "Austria"]
[Date "2022.03.25"]
[Round "5.1"]
[White "Katter, Katharina"]
[Black "Richterova, Natasa"]
[Result "1/2-1/2"]
[ECO "A49"]
[WhiteElo "1981"]
[BlackElo "2162"]
[Annotator "NA"]
[PlyCount "118"]
[EventDate "2021.11.06"]
[EventType "team-tourn"]
[EventCountry "AUT"]
[SourceTitle "playchess.com"]
[Source "ChessBase"]
[SourceQuality "1"]
[TimeControl "40/5400+30:1800+30"]

1. d4 Nf6 2. Nf3 g6 3. g3 Bg7 4. Bg2 d6 5. O-O O-O 6. Re1 Nbd7 7. e4 e5 8. Nc3 c6 9. a4 Qc7 10. b3 Re8 11. Ba3 Bf8 12. Qd2 a5 13. Rad1 Qb6 14. dxe5 dxe5 15. Bxf8 Nxf8 16. Qd6 Ng4 17. Re2 Be6 18. Red2 Rad8 19. Qa3 Ra8 20. h3 Ne3 21. Re1 Nxg2 22. Kxg2 Qc7 23. Qc5 Nd7 24. Qe3 f6 25. Red1 Qc8 26. Qh6 Qc7 27. Nh2 Rad8 28. Ng4 Bxg4 29. hxg4 Nc5 30. g5 Rxd2 31. Rxd2 Qe7 32. gxf6 Qxf6 33. Qe3 b6 34. Nd1 Rd8 35. Rxd8+ Qxd8 36. Nb2 Qd4 37. Qxd4 exd4 38. Nc4 d3 39. cxd3 Nxd3 40. Nxb6 Nc5 41. Nc4 Nxb3 42. Kf3 Kg7 43. Ke3 Kf6 44. Kd3 Nc5+ 45. Kd4 Nxa4 46. Nxa5 c5+ 47. Kc4 h5 48. f4 g5 49. fxg5+ Kxg5 50. e5 Kf5 51. Nc6 Ke6 52. Kb5 Nc3+ 53. Kxc5 Ne4+ 54. Kd4 Nxg3 55. Ke3 Kd5 56. Kf4 Ne2+ 57. Kg5 Kxc6 58. Kxh5 Kd5 59. Kg5 Kxe5 1/2-1/2

[Event "AUT Bundesliga Women 2021-22"]
[Site "Austria"]
[Date "2022.03.25"]
[Round "5.2"]
[White "Batyte, Daiva"]
[Black "Katter, Marlene"]
[Result "1/2-1/2"]
[ECO "A13"]
[WhiteElo "2105"]
[BlackElo "1785"]
[Annotator "NA"]
[PlyCount "128"]
[EventDate "2021.11.06"]
[EventType "team-tourn"]
[EventCountry "AUT"]
[SourceTitle "playchess.com"]
[Source "ChessBase"]
[SourceQuality "1"]
[TimeControl "40/5400+30:1800+30"]

1. c4 e6 2. g3 d5 3. Bg2 Nf6 4. Nf3 dxc4 5. Qc2 c6 6. Qxc4 b5 7. Qc2 Bb7 8. d4 Nbd7 9. Nc3 a6 10. Nd2 Qb6 11. a4 Be7 12. O-O O-O 13. Nb3 c5 14. a5 Qa7 15. Bxb7 Qxb7 16. Bg5 Rac8 17. dxc5 Nxc5 18. Nxc5 Rxc5 19. Be3 Rcc8 20. Qb3 Bc5 21. Bxc5 Rxc5 22. Rfd1 Qc7 23. Rd4 h6 24. Qd1 e5 25. Nd5 Nxd5 26. Rxd5 Rxd5 27. Qxd5 Rd8 28. Qe4 Qc5 29. Kg2 Qd5 30. Qf3 Qxf3+ 31. Kxf3 Rd2 32. Rc1 b4 33. Rc6 Rxb2 34. Rxa6 b3 35. Rb6 Ra2 36. a6 b2 37. h4 Rxa6 38. Rxb2 h5 39. Rb5 f6 40. Rb2 Ra4 41. e3 Kf7 42. Rb7+ Kg6 43. Rd7 Rb4 44. e4 Rb3+ 45. Ke2 Rb2+ 46. Ke3 Rb3+ 47. Rd3 Rb2 48. Kf3 Rb4 49. Ke3 Rb2 50. f4 exf4+ 51. Kxf4 Rb6 52. Rd5 Rb4 53. Rd1 Ra4 54. Rg1 f5 55. Re1 fxe4 56. Rxe4 Rxe4+ 57. Kxe4 Kf6 58. Kf4 g6 59. Ke4 Ke6 60. Kf4 Kf6 61. Ke4 Ke6 62. Kf4 Kf6 63. Ke4 Ke6 64. Kf4 Kf6 1/2-1/2

[Event "AUT Bundesliga Women 2021-22"]
[Site "Austria"]
[Date "2022.03.25"]
[Round "5.3"]
[White "Truszkiewicz, Eliza"]
[Black "Mar, Karmen"]
[Result "0-1"]
[ECO "B22"]
[WhiteElo "1897"]
[BlackElo "2074"]
[Annotator "ChessBase"]
[PlyCount "100"]
[EventDate "2021.11.06"]
[EventType "team-tourn"]
[EventCountry "AUT"]
[SourceTitle "playchess.com"]
[Source "ChessBase"]
[SourceQuality "1"]
[TimeControl "40/5400+30:1800+30"]

1. e4 c5 2. c3 d5 3. exd5 Qxd5 4. Nf3 Nf6 5. Na3 e6 6. Bc4 Qd8 7. O-O Nc6 8. Nc2 Be7 9. Re1 O-O 10. d4 Qc7 11. Bg5 cxd4 12. Ncxd4 Nxd4 13. Qxd4 Rd8 14. Qf4 Qxf4 15. Bxf4 Bd7 16. Ne5 Be8 17. Rad1 b5 18. Bb3 a5 19. Bc2 h6 20. Nd3 Rac8 21. Bb1 Nd5 22. Bg3 Nb6 23. f4 Bf6 24. Bf2 Nc4 25. Re2 Bc6 26. Rde1 Rb8 27. a3 Nb6 28. Ne5 Bd5 29. Be4 Bxe5 30. fxe5 Bxe4 31. Rxe4 Nc4 32. R4e2 Rd5 33. Bd4 a4 34. Rf1 Rbd8 35. Rb1 R8d7 36. Kf2 Na5 37. Re4 Nc6 38. Ke3 h5 39. Rc1 Na5 40. Rc2 Kh7 41. g4 hxg4 42. Rxg4 Nc6 43. Re4 g6 44. Rg2 Rd8 45. h4 Ne7 46. Rg5 Nf5+ 47. Kd3 Kh6 48. Rgg4 f6 49. Ke2 Nxd4+ 50. cxd4 f5 0-1

[Event "AUT Bundesliga Women 2021-22"]
[Site "Austria"]
[Date "2022.03.25"]
[Round "5.4"]
[White "Saler-Grafenberger, Elisabeth"]
[Black "Zechner, Andrea"]
[Result "1/2-1/2"]
[ECO "D17"]
[WhiteElo "1828"]
[BlackElo "1851"]
[Annotator "NA"]
[PlyCount "120"]
[EventDate "2021.11.06"]
[EventType "team-tourn"]
[EventCountry "AUT"]
[SourceTitle "playchess.com"]
[Source "ChessBase"]
[SourceQuality "1"]
[TimeControl "40/5400+30:1800+30"]

1. d4 d5 2. Nf3 Nf6 3. c4 c6 4. Nc3 dxc4 5. a4 Bf5 6. Ne5 Nbd7 {[%emt 0:06:42] 6...Nbd7 scores better than 6...e6.} 7. Nxc4 Nb6 8. e3 e6 9. Be2 Nxc4 10. Bxc4 Bd6 11. Bd3 {[%emt 0:09:16] [#]} Bg6 $146 ({Predecessor:} 11... Bxd3 12. Qxd3 e5 13. O-O Qe7 14. Bd2 e4 15. Qe2 O-O 16. f3 exf3 17. gxf3 Nd5 {0-1 (41) Pyke,M (2218)-Goldenberg,I (2386) Melbourne 2008}) 12. Qc2 e5 13. O-O exd4 14. exd4 O-O 15. Bxg6 hxg6 16. h3 Bc7 17. Ne2 Nd5 18. Qb3 Qd6 19. g3 Rab8 20. Nf4 Rfd8 21. Nxd5 Qxd5 22. Qxd5 Rxd5 23. Rd1 Rbd8 24. Be3 Bb6 25. Kf1 Bxd4 26. Bxd4 Rxd4 27. Rxd4 Rxd4 28. Ke2 Kf8 29. b3 Ke7 30. Rc1 Kd6 31. Ke3 Rd5 32. f4 Rh5 33. h4 Rd5 34. Rc3 b6 35. Ke4 Rd1 36. Kf3 c5 37. Re3 a6 38. Ke2 Rb1 39. Kd2 b5 40. Kc2 Rg1 41. axb5 axb5 42. Kc3 b4+ 43. Kd3 Kd5 44. Re5+ Kc6 45. Re3 f6 46. Kd2 Rg2+ 47. Kd1 Kd5 48. Re7 g5 49. hxg5 Rxg3 50. Rxg7 f5 51. Re7 Rxb3 52. Re5+ Kd4 53. Rxf5 c4 54. g6 Rg3 55. Rg5 Rd3+ 56. Ke2 Re3+ 57. Kf2 ({Not} 57. Kd2 $2 c3+ 58. Kc1 Re1+ 59. Kc2 Kc4 $19) 57... Re8 58. f5 $11 ({Not} 58. g7 $2 c3 59. f5 c2 $19) 58... Ke5 59. Rg4 Kxf5 60. Rxc4 Kxg6 1/2-1/2

[Event "AUT Bundesliga Women 2021-22"]
[Site "Austria"]
[Date "2022.03.25"]
[Round "5.7"]
[White "Worek, Joanna"]
[Black "Goeschl, Ortrun"]
[Result "1-0"]
[ECO "B00"]
[WhiteElo "2267"]
[BlackElo "1898"]
[Annotator "NA"]
[PlyCount "47"]
[EventDate "2021.11.06"]
[EventType "team-tourn"]
[EventCountry "AUT"]
[SourceTitle "playchess.com"]
[Source "ChessBase"]
[SourceQuality "1"]
[TimeControl "40/5400+30:1800+30"]

1. e4 Nc6 2. Nf3 Nf6 3. e5 Nd5 4. d4 e6 5. c4 Bb4+ 6. Bd2 Bxd2+ 7. Qxd2 Nb6 8. d5 exd5 9. cxd5 Ne7 10. d6 Ng6 11. Nc3 c6 12. Bd3 a5 13. h4 a4 14. h5 Nf8 15. h6 g6 16. Ne4 Nd5 17. Bc4 Ne6 18. Bxd5 cxd5 19. Nf6+ Kf8 20. Rc1 b6 21. O-O Ra5 22. Ng5 d4 23. Nxe6+ dxe6 24. Qxd4 1-0

[Event "AUT Bundesliga Women 2021-22"]
[Site "Austria"]
[Date "2022.03.25"]
[Round "5.8"]
[White "Zeber, Katja"]
[Black "Theissl-Pokorna, Regina"]
[Result "0-1"]
[ECO "C55"]
[WhiteElo "1625"]
[BlackElo "2296"]
[Annotator "NA"]
[PlyCount "42"]
[EventDate "2021.11.06"]
[EventType "team-tourn"]
[EventCountry "AUT"]
[SourceTitle "playchess.com"]
[Source "ChessBase"]
[SourceQuality "1"]
[TimeControl "40/5400+30:1800+30"]

1. e4 e5 2. Nf3 Nc6 3. Bc4 Nf6 4. d3 Be7 5. O-O d6 6. h3 Na5 7. Bb3 Nxb3 8. axb3 O-O 9. Be3 a6 10. Nc3 c5 11. Ne2 h6 12. Nd2 d5 13. exd5 Nxd5 14. Ne4 f5 15. N4c3 f4 16. Nxd5 Qxd5 17. Nc3 Qc6 18. Bd2 f3 19. g3 Bxh3 20. Re1 Qe6 21. Ne4 Bg2 0-1

[Event "AUT Bundesliga Women 2021-22"]
[Site "Austria"]
[Date "2022.03.25"]
[Round "5.9"]
[White "Mihok-Juhasz, Barbara"]
[Black "Motycakova, Monika"]
[Result "1-0"]
[ECO "C85"]
[WhiteElo "2275"]
[BlackElo "2102"]
[Annotator "ChessBase"]
[PlyCount "99"]
[EventDate "2021.11.06"]
[EventType "team-tourn"]
[EventCountry "AUT"]
[SourceTitle "playchess.com"]
[Source "ChessBase"]
[SourceQuality "1"]
[TimeControl "40/5400+30:1800+30"]

1. e4 e5 2. Nf3 Nc6 3. Bb5 a6 4. Ba4 Nf6 5. O-O Be7 6. Bxc6 dxc6 7. d3 Nd7 8. Nbd2 O-O 9. Nc4 f6 10. Nh4 Nc5 11. Nf5 Bxf5 12. exf5 Qd5 13. Qg4 Rfe8 14. Re1 Rad8 15. Nd2 Bf8 16. h3 Kh8 17. a4 a5 18. Ne4 Qf7 19. Bd2 b6 20. Qf3 Rd5 21. Bc3 Red8 22. g4 Na6 23. Re2 Bb4 24. h4 c5 25. Nd2 Bxc3 26. bxc3 Nb8 27. Kg2 Nc6 28. Nc4 Ne7 29. Re4 R5d7 30. Ne3 Nd5 31. Nxd5 Qxd5 32. Rae1 Qa2 33. R1e2 Qa1 34. Rc4 Qd1 35. Qe3 Kg8 36. g5 Rf8 37. g6 h6 38. f4 Rd5 39. Qf3 c6 40. Rce4 Qa1 41. fxe5 Rxe5 42. Rxe5 fxe5 43. Qxc6 Qxc3 44. Qe6+ Kh8 45. Qe7 Kg8 46. Qe6+ Kh8 47. Qd6 Kg8 48. Qd5+ Kh8 49. f6 Qb4 50. c4 1-0

[Event "AUT Bundesliga Women 2021-22"]
[Site "Austria"]
[Date "2022.03.25"]
[Round "5.10"]
[White "Kurapova, Olga"]
[Black "Miturova, Magdalena"]
[Result "1/2-1/2"]
[ECO "C68"]
[WhiteElo "1893"]
[BlackElo "2205"]
[Annotator "NA"]
[PlyCount "60"]
[EventDate "2021.11.06"]
[EventType "team-tourn"]
[EventCountry "AUT"]
[SourceTitle "playchess.com"]
[Source "ChessBase"]
[SourceQuality "1"]
[TimeControl "40/5400+30:1800+30"]

1. e4 e5 2. Nf3 Nc6 3. Bb5 a6 4. Bxc6 dxc6 5. O-O f6 6. d4 exd4 7. Nxd4 c5 8. Nb3 Qxd1 9. Rxd1 Bg4 10. f3 Be6 11. Bf4 c4 12. Nd4 O-O-O 13. Nc3 Bf7 14. a4 Ne7 15. Kf2 Ng6 16. Be3 Ne5 17. h3 h5 18. Nf5 Re8 19. Nd5 g6 20. Ng3 Bg7 21. a5 Re6 22. f4 h4 23. Ne2 Nc6 24. Nec3 Rhe8 25. Ra4 f5 26. e5 g5 27. Rxc4 gxf4 28. Bxf4 Bxe5 29. Bxe5 Rxe5 30. Rxh4 Rd8 1/2-1/2

[Event "AUT Bundesliga Women 2021-22"]
[Site "Austria"]
[Date "2022.03.25"]
[Round "5.11"]
[White "Exler, Veronika"]
[Black "Wielander, Magdalena"]
[Result "1-0"]
[ECO "C00"]
[WhiteElo "2089"]
[BlackElo "1178"]
[Annotator "NA"]
[PlyCount "27"]
[EventDate "2021.11.06"]
[EventType "team-tourn"]
[EventCountry "AUT"]
[SourceTitle "playchess.com"]
[Source "ChessBase"]
[SourceQuality "1"]
[TimeControl "40/5400+30:1800+30"]

1. e4 e6 2. d4 d5 3. Bd3 c5 4. exd5 exd5 5. Qe2+ Be6 6. Nf3 Nc6 7. O-O Qe7 8. Bg5 f6 9. Re1 Nxd4 10. Nxd4 cxd4 11. Bd2 Bf7 12. Qg4 Be6 13. Rxe6 h5 14. Rxe7+ 1-0

[Event "AUT Bundesliga Women 2021-22"]
[Site "Austria"]
[Date "2022.03.25"]
[Round "5.12"]
[White "Wolf, Elena"]
[Black "Moerwald, Miriam"]
[Result "0-1"]
[ECO "C02"]
[WhiteElo "1147"]
[BlackElo "1735"]
[Annotator "NA"]
[PlyCount "56"]
[EventDate "2021.11.06"]
[EventType "team-tourn"]
[EventCountry "AUT"]
[SourceTitle "playchess.com"]
[Source "ChessBase"]
[SourceQuality "1"]
[TimeControl "40/5400+30:1800+30"]

1. e4 e6 2. d4 d5 3. e5 c5 4. c3 Nc6 5. Nf3 Qb6 6. b3 Bd7 7. Be3 Rc8 8. Nbd2 cxd4 9. cxd4 Nb4 10. Rc1 Rxc1 11. Qxc1 Nxa2 12. Qb2 Nb4 13. Be2 Bb5 14. Bxb5+ Qxb5 15. Qc3 Nc6 16. Ng1 Bb4 17. Qc2 Nge7 18. Ne2 Nf5 19. Qd1 Qa5 20. Bf4 Nfxd4 21. Nxd4 Nxd4 22. O-O Qb5 23. Re1 Qd3 24. Bg5 Bxd2 25. Bxd2 Nxb3 26. Re2 O-O 27. h3 Rc8 28. Re1 Qxd2 0-1

[Event "AUT Bundesliga Women 2021-22"]
[Site "Austria"]
[Date "2022.03.25"]
[Round "5.13"]
[White "Schnegg, Anna-Lena"]
[Black "Ragger, Anna-Christina"]
[Result "1/2-1/2"]
[ECO "A25"]
[WhiteElo "2177"]
[BlackElo "2156"]
[Annotator "NA"]
[PlyCount "71"]
[EventDate "2021.11.06"]
[EventType "team-tourn"]
[EventCountry "AUT"]
[SourceTitle "playchess.com"]
[Source "ChessBase"]
[SourceQuality "1"]
[TimeControl "40/5400+30:1800+30"]

1. c4 e5 2. Nc3 Nc6 3. g3 Bc5 4. Bg2 a6 5. e3 d6 6. Nf3 Ba7 7. O-O Nge7 8. b3 O-O 9. Bb2 Bf5 10. d4 f6 11. dxe5 dxe5 12. Qxd8 Rfxd8 13. Nh4 Be6 14. Rad1 Rxd1 15. Rxd1 Rd8 16. Rxd8+ Nxd8 17. Ba3 Kf7 18. Nd5 Nxd5 19. Bxd5 Bxd5 20. cxd5 g6 21. e4 b5 22. Kg2 Bd4 23. f4 Bc3 24. Nf3 h6 25. Bc1 g5 26. Bd2 Bxd2 27. Nxd2 Nb7 28. Kf3 h5 29. fxg5 fxg5 30. g4 Kg6 31. h3 h4 32. b4 Kf6 33. Nb3 Ke7 34. Nc5 Nxc5 35. bxc5 a5 36. Ke3 1/2-1/2

[Event "AUT Bundesliga Women 2021-22"]
[Site "Austria"]
[Date "2022.03.25"]
[Round "5.14"]
[White "Berke, Ana"]
[Black "Mayrhuber, Nikola"]
[Result "0-1"]
[ECO "C07"]
[WhiteElo "2140"]
[BlackElo "2118"]
[Annotator "NA"]
[PlyCount "82"]
[EventDate "2021.11.06"]
[EventType "team-tourn"]
[EventCountry "AUT"]
[SourceTitle "playchess.com"]
[Source "ChessBase"]
[SourceQuality "1"]
[TimeControl "40/5400+30:1800+30"]

1. e4 e6 2. d4 d5 3. Nd2 c5 4. c3 Nc6 5. Ngf3 cxd4 6. cxd4 dxe4 7. Nxe4 Nf6 8. Nc3 Bb4 9. Bd3 O-O 10. O-O h6 11. a3 Ba5 12. Bc2 Re8 13. Re1 Bb6 14. Be3 e5 15. dxe5 Nxe5 16. Nxe5 Rxe5 17. Bxb6 Rxe1+ 18. Qxe1 Qxb6 19. Nd5 Qxb2 20. Nxf6+ gxf6 21. Be4 Be6 22. Rb1 Qxa3 23. h3 Rc8 24. Qd2 Kg7 25. Qf4 Rc4 26. Rd1 Qc3 27. f3 Qe5 28. Qd2 b5 29. Bb1 Bf5 30. Kh1 Bxb1 31. Rxb1 Qf5 32. Qe1 Qg5 33. Qf1 a6 34. Re1 a5 35. Kh2 Qf4+ 36. g3 Rc2+ 37. Kh1 Qxg3 38. Re2 Rxe2 39. Qxe2 Qxh3+ 40. Kg1 Qf5 41. Kh2 Qe5+ 0-1

[Event "AUT Bundesliga Women 2021-22"]
[Site "Austria"]
[Date "2022.03.25"]
[Round "5.15"]
[White "Konecny, Sophie"]
[Black "Hiebler, Laura"]
[Result "1/2-1/2"]
[ECO "E18"]
[WhiteElo "1835"]
[BlackElo "2021"]
[Annotator "NA"]
[PlyCount "61"]
[EventDate "2021.11.06"]
[EventType "team-tourn"]
[EventCountry "AUT"]
[SourceTitle "playchess.com"]
[Source "ChessBase"]
[SourceQuality "1"]
[TimeControl "40/5400+30:1800+30"]

1. d4 Nf6 2. Nf3 e6 3. c4 b6 4. g3 Bb7 5. Bg2 Be7 6. Nc3 O-O 7. O-O d5 8. b3 Nbd7 9. Bb2 Rc8 10. Rc1 c5 11. cxd5 Nxd5 12. Re1 N7f6 13. e3 cxd4 14. Nxd5 Nxd5 15. Qxd4 Bf6 16. Ne5 Qe7 17. Qa4 Bxe5 18. Bxe5 Rfd8 19. Bb2 a6 20. Red1 b5 21. Qg4 f6 22. Rxc8 Bxc8 23. Qd4 Rd7 24. Bf3 Qd8 25. Qc5 Bb7 26. Qc1 Rc7 27. Qd2 Qc8 28. Rc1 h6 29. Bg2 b4 30. Rxc7 Qxc7 31. a3 1/2-1/2

[Event "AUT Bundesliga Women 2021-22"]
[Site "Austria"]
[Date "2022.03.25"]
[Round "5.16"]
[White "Krassnitzer, Maria"]
[Black "Wu, Min"]
[Result "0-1"]
[ECO "C47"]
[WhiteElo "1654"]
[BlackElo "1952"]
[Annotator "NA"]
[PlyCount "66"]
[EventDate "2021.11.06"]
[EventType "team-tourn"]
[EventCountry "AUT"]
[SourceTitle "playchess.com"]
[Source "ChessBase"]
[SourceQuality "1"]
[TimeControl "40/5400+30:1800+30"]

1. e4 e5 2. Nf3 Nc6 3. Nc3 Nf6 4. Bc4 Nxe4 5. Nxe4 d5 6. Bxd5 Qxd5 7. Nc3 Qd8 8. O-O Bg4 9. h3 Bh5 10. Re1 Be7 11. d3 f6 12. Be3 O-O 13. Ne4 f5 14. Ng3 Bxf3 15. Qxf3 f4 16. Qg4 fxg3 17. fxg3 Kh8 18. Rf1 Nd4 19. Rxf8+ Bxf8 20. Bg5 Be7 21. Bxe7 Qxe7 22. c3 Nc6 23. Re1 Qc5+ 24. d4 exd4 25. Kh2 Rd8 26. cxd4 Qxd4 27. Qe6 g6 28. Qf7 Qd7 29. Qf6+ Kg8 30. Qc3 Qd3 31. Re8+ Kf7 32. Rxd8 Qxc3 33. bxc3 Nxd8 0-1

[Event "AUT Bundesliga Women 2021-22"]
[Site "Austria"]
[Date "2022.03.25"]
[Round "5.18"]
[White "Klek, Hanna Marie"]
[Black "Heinemann, Josefine"]
[Result "1-0"]
[ECO "B90"]
[WhiteElo "2314"]
[BlackElo "2290"]
[Annotator "NA"]
[PlyCount "55"]
[EventDate "2021.11.06"]
[EventType "team-tourn"]
[EventCountry "AUT"]
[SourceTitle "playchess.com"]
[Source "ChessBase"]
[SourceQuality "1"]
[TimeControl "40/5400+30:1800+30"]

1. e4 c5 2. Nf3 d6 3. d4 cxd4 4. Nxd4 Nf6 5. Nc3 a6 6. Qd3 e5 7. Nf5 Bxf5 8. exf5 d5 9. Bg5 d4 10. Ne4 Nbd7 11. O-O-O Nc5 12. Nxc5 Bxc5 13. Re1 Qc7 14. f4 e4 15. Bxf6 gxf6 16. Qxe4+ Kf8 17. Qf3 Re8 18. Rxe8+ Kxe8 19. Bxa6 bxa6 20. Qa8+ Kd7 21. Qxh8 d3 22. cxd3 Bd4+ 23. Kd1 Bxb2 24. Re1 Qc1+ 25. Ke2 Qxf4 26. Qa8 Bc3 27. Qd5+ Ke8 28. Qc6+ 1-0

[Event "AUT Bundesliga Women 2021-22"]
[Site "Austria"]
[Date "2022.03.25"]
[Round "5.20"]
[White "Wunderl, Eva"]
[Black "Trippold, Denise"]
[Result "1/2-1/2"]
[ECO "C07"]
[WhiteElo "1898"]
[BlackElo "2068"]
[Annotator "NA"]
[PlyCount "60"]
[EventDate "2021.11.06"]
[EventType "team-tourn"]
[EventCountry "AUT"]
[SourceTitle "playchess.com"]
[Source "ChessBase"]
[SourceQuality "1"]
[TimeControl "40/5400+30:1800+30"]

1. e4 e6 2. d4 d5 3. Nd2 c5 4. Ngf3 cxd4 5. exd5 Qxd5 6. Bc4 Qd7 7. O-O Nc6 8. Nb3 Nf6 9. Nbxd4 Nxd4 10. Nxd4 a6 11. Re1 Bc5 12. Be3 O-O 13. c3 Qc7 14. Qe2 e5 15. Nc2 Bg4 16. Qf1 Rad8 17. h3 Bh5 18. Be2 Bg6 19. Bxc5 Qxc5 20. Ne3 Ne4 21. Red1 h6 22. Rxd8 Rxd8 23. Rd1 Rd6 24. Rxd6 Qxd6 25. Qd1 Qb6 26. Qb3 Qxb3 27. axb3 Nc5 28. Nc4 Bd3 29. Bd1 f6 30. f3 Kf8 1/2-1/2

[Event "AUT Bundesliga Women 2021-22"]
[Site "Austria"]
[Date "2022.03.26"]
[Round "6.1"]
[White "Richterova, Natasa"]
[Black "Brunello, Marina"]
[Result "1-0"]
[ECO "D45"]
[WhiteElo "2162"]
[BlackElo "2349"]
[Annotator "ChessBase"]
[PlyCount "119"]
[EventDate "2021.11.06"]
[EventType "team-tourn"]
[EventCountry "AUT"]
[SourceTitle "playchess.com"]
[Source "ChessBase"]
[SourceQuality "1"]
[TimeControl "40/5400+30:1800+30"]

1. d4 d5 2. c4 c6 3. Nf3 Nf6 4. Nc3 e6 5. e3 Nbd7 6. Qc2 Bd6 7. Bd3 O-O 8. O-O dxc4 9. Bxc4 b5 10. Bd3 a6 11. Ne4 Nxe4 12. Bxe4 Nf6 13. Bd3 c5 14. dxc5 Bxc5 15. Bxh7+ Nxh7 16. Qxc5 Bb7 17. Nd4 Rc8 18. Qe5 Qb6 19. f3 Rfd8 20. Qg3 Rd5 21. Qf2 Nf6 22. Bd2 Rd7 23. Rac1 Rcd8 24. Nb3 b4 25. e4 Qxf2+ 26. Rxf2 a5 27. Bg5 Ba6 28. Rd2 Rxd2 29. Nxd2 a4 30. Rc6 Bd3 31. Rb6 Rc8 32. Rxb4 Rc2 33. Rd4 Bb5 34. Rb4 Bd3 35. Rxa4 Rxb2 36. Ra8+ Kh7 37. Ra7 Kg6 38. Be3 Rc2 39. a4 Ra2 40. a5 Bb5 41. g4 Nd7 42. f4 Nf6 43. h3 Bd3 44. f5+ Kh7 45. Rxf7 Rxa5 46. fxe6 Re5 47. Bd4 Rxe6 48. Bxf6 Rxf6 49. Rxf6 gxf6 50. Kf2 Kg6 51. Ke3 Bc2 52. Kf4 Bd3 53. h4 Be2 54. Nf3 Ba6 55. Nd4 Bc8 56. Nf5 Bd7 57. h5+ Kf7 58. g5 fxg5+ 59. Kxg5 Kg8 60. Kf6 1-0

[Event "AUT Bundesliga Women 2021-22"]
[Site "Austria"]
[Date "2022.03.26"]
[Round "6.2"]
[White "Klek, Hanna Marie"]
[Black "Batyte, Daiva"]
[Result "1-0"]
[ECO "E71"]
[WhiteElo "2314"]
[BlackElo "2105"]
[Annotator "ChessBase"]
[PlyCount "69"]
[EventDate "2021.11.06"]
[EventType "team-tourn"]
[EventCountry "AUT"]
[SourceTitle "playchess.com"]
[Source "ChessBase"]
[SourceQuality "1"]
[TimeControl "40/5400+30:1800+30"]

1. d4 Nf6 2. c4 g6 3. Nc3 Bg7 4. e4 d6 5. h3 Nbd7 6. Be3 c5 7. Nf3 cxd4 8. Nxd4 Nc5 9. f3 Ne6 10. Be2 Nh5 11. O-O Ng3 12. Rf2 O-O 13. f4 Nxd4 14. Bxd4 f6 15. Bf3 h5 16. Rd2 Qa5 17. Bf2 h4 18. Nd5 e5 19. b4 Qd8 20. c5 Be6 21. cxd6 Bxd5 22. Rxd5 exf4 23. Rc1 Re8 24. d7 Rf8 25. Rdc5 f5 26. exf5 Nxf5 27. Rc8 Rxc8 28. dxc8=Q Qxc8 29. Rxc8 Rxc8 30. Bxb7 Rc3 31. Bxa7 Ne3 32. Qd8+ Kh7 33. Qxh4+ Bh6 34. Qe7+ Bg7 35. Qxg7+ 1-0

[Event "AUT Bundesliga Women 2021-22"]
[Site "Austria"]
[Date "2022.03.26"]
[Round "6.3"]
[White "Mar, Karmen"]
[Black "Wunderl, Eva"]
[Result "1/2-1/2"]
[ECO "C54"]
[WhiteElo "2074"]
[BlackElo "1898"]
[Annotator "NA"]
[PlyCount "88"]
[EventDate "2021.11.06"]
[EventType "team-tourn"]
[EventCountry "AUT"]
[SourceTitle "playchess.com"]
[Source "ChessBase"]
[SourceQuality "1"]
[TimeControl "40/5400+30:1800+30"]

1. e4 e5 2. Nf3 Nc6 3. Bc4 Bc5 4. c3 Nf6 5. d3 a6 6. O-O Ba7 7. Re1 d6 8. Nbd2 O-O 9. h3 Na5 10. b4 Nxc4 11. Nxc4 h6 12. Be3 Be6 13. Bxa7 Bxc4 14. Be3 Be6 15. Qc2 c6 16. a4 b5 17. Ra3 a5 18. Rea1 axb4 19. cxb4 bxa4 20. Rxa4 Rxa4 21. Rxa4 Qb8 22. Qc3 Bd7 23. Ra5 Rc8 24. Nd2 d5 25. Bc5 Be6 26. Qa3 Nd7 27. Nb3 dxe4 28. dxe4 Bxb3 29. Qxb3 Nxc5 30. Rxc5 Qd6 31. Qc3 Rb8 32. Rxc6 Qxb4 33. Qxe5 Rd8 34. Rc1 Qa4 35. Re1 Re8 36. Qf4 Qb4 37. Qc1 Qb7 38. Qc4 Rc8 39. Qd3 Qe7 40. Qd5 Qb4 41. Rd1 Re8 42. e5 Qc3 43. Qd4 Qxd4 44. Rxd4 Rxe5 1/2-1/2

[Event "AUT Bundesliga Women 2021-22"]
[Site "Austria"]
[Date "2022.03.26"]
[Round "6.4"]
[White "Anker, Christin"]
[Black "Saler-Grafenberger, Elisabeth"]
[Result "1/2-1/2"]
[ECO "B07"]
[WhiteElo "1843"]
[BlackElo "1828"]
[Annotator "NA"]
[PlyCount "80"]
[EventDate "2021.11.06"]
[EventType "team-tourn"]
[EventCountry "AUT"]
[SourceTitle "playchess.com"]
[Source "ChessBase"]
[SourceQuality "1"]
[TimeControl "40/5400+30:1800+30"]

1. e4 d6 2. d4 Nf6 3. Nc3 e5 4. dxe5 dxe5 5. Qxd8+ Kxd8 6. Nf3 Bd6 7. Bc4 Be6 8. Bxe6 fxe6 9. Be3 Nbd7 10. O-O-O Ke7 11. a3 a6 12. Nd2 b5 13. f3 Bc5 14. Bxc5+ Nxc5 15. Nf1 Rhd8 16. Ne3 Rxd1+ 17. Rxd1 Rd8 18. Rxd8 Kxd8 19. Kd2 Ke7 20. Ncd1 h5 21. b4 Ncd7 22. c4 c6 23. h4 Nh7 24. c5 g5 25. hxg5 Nxg5 26. Ke2 Kf6 27. Nf2 Kg6 28. Nd3 Kf6 29. Kf2 Kg6 30. Kg3 Nh7 31. Kh4 Ng5 32. Nf1 Nf7 33. Ng3 Nf6 34. Ne2 Kh6 35. Nc3 Nd7 36. a4 Nh8 37. axb5 Ng6+ 38. Kg3 axb5 39. Ne2 Kg7 40. Kf2 Kf6 1/2-1/2

[Event "AUT Bundesliga Women 2021-22"]
[Site "Austria"]
[Date "2022.03.26"]
[Round "6.5"]
[White "Ragger, Anna-Christina"]
[Black "Heinemann, Josefine"]
[Result "1-0"]
[ECO "D02"]
[WhiteElo "2156"]
[BlackElo "2290"]
[Annotator "ChessBase"]
[PlyCount "59"]
[EventDate "2021.11.06"]
[EventType "team-tourn"]
[EventCountry "AUT"]
[SourceTitle "playchess.com"]
[Source "ChessBase"]
[SourceQuality "1"]
[TimeControl "40/5400+30:1800+30"]

1. d4 Nf6 2. Nf3 d5 3. Bf4 c5 4. c3 Nc6 5. Nbd2 cxd4 6. cxd4 Qb6 7. Qb3 Nxd4 8. Nxd4 Qxd4 9. e3 Qb6 10. Bb5+ Bd7 11. Bxd7+ Kxd7 12. Rc1 Qxb3 13. Rc7+ Kd8 14. Nxb3 Nd7 15. Rxb7 e5 16. Bg3 h5 17. f4 Kc8 18. Rb5 Nb6 19. fxe5 h4 20. Bf2 Rh6 21. e4 dxe4 22. O-O Kb7 23. Be3 Rc6 24. a4 Re6 25. Bc5 Kc7 26. Rxf7+ Nd7 27. Bxf8 Rxf8 28. Rxd7+ Kxd7 29. Nc5+ Ke7 30. Rb7+ 1-0